 Dungeon Crawl Stone Soup version 0.25-a0-670-g50981ef59b (webtiles) character file.

Game seed: 13466852837591323631, levelgen mode: deterministic

25 Error4North the Magician (level 2, 0/22 HPs)
             Began as a Draconian Wizard on Mar 29, 2020.
             Slain by a worm (9 damage)
             ... on level 2 of the Dungeon.
             The game lasted 00:07:25 (1708 turns).

Error4North the Magician (Draconian Wizard)         Turns: 1708, Time: 00:07:26

Health: 0/22       AC:  4    Str:  9    XL:     2   Next: 82%
Magic:  4/6        EV: 12    Int: 18    God:
Gold:   56         SH:  0    Dex:  9    Spells: 0/7 levels left

rFire    . . .     SeeInvis .   (no weapon)
rCold    . . .     Gourm    .   (no shield)
rNeg     . . .     Faith    .   (armour unavailable)
rPois    .         Spirit   .   a - +0 hat
rElec    .         Reflect  .   (no cloak)
rCorr    .         Harm     .   (no gloves)
MR       .....                  (no boots)
Stlth    ++........             (no amulet)
HPRegen  0.07/turn              (no ring)
MPRegen  0.10/turn              (no ring)

@: no status effects
A: unfitting armour, cold-blooded, AC +4
a: no special abilities


You were on level 2 of the Dungeon.
You were not hungry.

You visited 1 branch of the dungeon, and saw 2 of its levels.

You collected 56 gold pieces.

Inventory:

Missiles
 e - 24 stones (quivered)
Armour
 a - a +0 hat (worn)
Scrolls
 b - a scroll of amnesia {unknown}
 f - a scroll of random uselessness {unknown}
 g - a scroll of identify {unknown}
 h - a scroll of blinking {unknown}
 i - 3 scrolls of teleportation {unknown}
Potions
 c - a potion of curing {unknown}
 d - 2 potions of flight {unknown}
Comestibles
 j - 3 rations


   Skills:
 * Level 0.5 Fighting
 * Level 2.2 Dodging
 * Level 1.9 Stealth
 + Level 0.1 Unarmed Combat
 * Level 3.4 Spellcasting
 + Level 1.1 Conjurations
 + Level 1.0 Summonings
 + Level 1.0 Translocations


You couldn't memorise any spells.
You knew the following spells:

 Your Spells              Type           Power        Failure   Level  Hunger
a - Magic Dart            Conj           #...         10%         1    None
b - Blink                 Tloc           N/A          16%         2    ##.....
c - Call Imp              Summ           #.......     16%         2    ##.....
d - Slow                  Hex            #.......     24%         2    ##.....

Your spell library contained the following spells:

 Spells                   Type           Power        Failure   Level  Hunger
 Conjure Flame            Conj/Fire      #.......     36%         3    ###....
 Mephitic Cloud           Conj/Pois/Air  #.......     38%         3    ###....


Dungeon Overview and Level Annotations

Branches:
Dungeon (2/15)

Altars:
Cheibriados


Innate Abilities, Weirdness & Mutations

Your plain brown scales are hard. (AC +4)
You cannot fit into any form of body armour.
You are cold-blooded and may be slowed by cold attacks.


Message History

You hit the worm but do no damage. You tail-slap the worm.
The worm is lightly wounded.
You hit the worm.
The worm is moderately wounded.
The worm bites you.
You hit the worm.
The worm is moderately wounded.
You hit the worm.
The worm is moderately wounded.
The worm bites you!
You hit the worm but do no damage.
The worm is moderately wounded.
The worm bites you.
You hit the worm.
The worm is moderately wounded.
Casting: Call Imp (safe; 16% risk of failure)
Confirm with . or Enter, or press ? or * to list all spells.
A beastly little devil appears in a puff of frigid air.
The worm bites you!
You die...

# . #. #>. # #.
#.# #.###.#####
##### #.#
.......5..####...#
#.#
#(....[.......#
#.#
#.#.@###+###..#
#.# ......#w#
#..#####.#
.###..#.#
#.....)... ... #.+
+......... ###.
#.# #..#.##### #
..# #.##.# #.#
#.##.# ... .. #.#
.## #.#


You could see a worm and a friendly white imp.

Vanquished Creatures
  A dart slug (D:1)
  A giant cockroach (D:1)
  4 goblins
  3 hobgoblins (D:1)
  4 kobolds (D:1)
  A quokka (D:2)
  2 bats (D:1)
  A frilled lizard (D:1)
  A rat (D:1)
18 creatures vanquished.

Vanquished Creatures (collateral kills)
  2 goblins (D:1)
  2 hobgoblins
  2 kobolds (D:1)
6 creatures vanquished.

Grand Total: 24 creatures vanquished

Notes
Turn   | Place    | Note
-------+----------+-------------------------------------------
     0 | D:1      | Error4North the Draconian Wizard began the quest for the
                  | Orb.
     0 | D:1      | Reached XP level 1. HP: 14/14 MP: 4/4
   101 | D:1      | Reached XP level 2. HP: 4/20 MP: 1/6
   109 | D:1      | HP: 1/20 [rat (2)]
   157 | D:1      | HP: 1/20 [giant cockroach (1)]
   732 | D:1      | Learned a level 2 spell: Blink
   735 | D:1      | Learned a level 2 spell: Call Imp
   738 | D:1      | Learned a level 2 spell: Slow
   998 | D:1      | Found a snail-covered altar of Cheibriados.
  1708 | D:2      | Slain by a worm

Levels and vault maps discovered:
D:1:      dpeg_arrival_rhombus, layout_loops_ring, cheibriados_altar_1
D:2:      layout_loops_ring, lemuel_doored_altar, lemuel_round_altar,
          first_ration

Skill      XL: |  1 |
---------------+----+-----
Dodging        | 2 |  2.2
Fighting       | |  0.5
Stealth        | |  1.9
Unarmed Combat | |  0.1
Spellcasting   | |  3.4
Conjurations   | |  1.1
Summonings     | |  1.0
Translocations | |  1.0

Action                   || total
-------------------------++-------
Melee: Unarmed           ||   144
       Tailslap          ||     8
 Cast: Magic Dart        ||    36
       Call Imp          ||     8
       Slow              ||     1
 Stab: Distracted        ||     1
  Eat: Ration            ||     1
Armor: Skin              ||    45
Dodge: Dodged            ||    89

Table legend:
 A = Non-vault XP
 B = Vault XP
 C = Vault XP percentage of total XP
 D = Non-vault monster count
 E = Vault monster count
 F = Vault count percentage of total count
                 A         B        C        D         E       F
            +---------+---------+-------+---------+---------+-------
      Total |      36 |       0 |   0.0 |      24 |       0 |   0.0
            +---------+---------+-------+---------+---------+-------
        D:1 |      32 |       0 |   0.0 |      21 |       0 |   0.0
        D:2 |       4 |       0 |   0.0 |       3 |       0 |   0.0
            +---------+---------+-------+---------+---------+-------
